 Dungeon Crawl Stone Soup version 0.27-a0-1006-g1fd4cec11e (webtiles) character file.

Game seed: 9015916177706615372

51 voltaire321 the Digger (level 3, 0/23 HPs)
             Began as an Octopode Earth Elementalist on Apr 18, 2021.
             Succumbed to an adder's poison
             ... on level 2 of the Dungeon.
             The game lasted 00:05:07 (1818 turns).

voltaire321 the Digger (OpEE)                       Turns: 1818, Time: 00:05:07

Health: 0/23       AC:  1    Str:  7    XL:     3   Next: 83%
Magic:  6/6        EV: 13    Int: 18    God:
Gold:   40         SH:  0    Dex: 12    Spells: 0/6 levels left

rFire    . . .     SeeInvis .   d - +0 dagger
rCold    . . .     Faith    .   (no shield)
rNeg     . . .     Spirit   .   (helmet restricted)
rPois    .         Reflect  .   (no amulet)
rElec    .         Harm     .   (no ring)
rCorr    .         Rampage  .   (no ring)
Will     .....                  (no ring)
Stlth    +++.......             (no ring)
HPRegen  0.07/turn              (no ring)
MPRegen  0.10/turn              (no ring)
                                (no ring)
                                (no ring)

@: brilliant, lethally poisoned (0 -> -4), attractive
A: almost no armour, amphibious, 8 rings, camouflage 1, gelatinous body 1,
(nimble swimmer 1), tentacles
a: no special abilities


You were on level 2 of the Dungeon.
You visited 1 branch of the dungeon, and saw 2 of its levels.

You collected 40 gold pieces.

Inventory:

Hand Weapons
 d - a +0 dagger (weapon)
Missiles
 a - 15 poisoned darts (quivered)
 b - 21 stones
Scrolls
 c - a scroll of amnesia {unknown}
Potions
 e - a potion of attraction


   Skills:
 + Level 1.0 Fighting
 + Level 2.3 Dodging
 + Level 3.3 Stealth
 + Level 2.3 Spellcasting
 + Level 1.6 Transmutations
 + Level 3.3 Earth Magic


You couldn't memorise any spells.
You knew the following spells:

 Your Spells              Type           Power      Damage    Failure   Level
a - Sandblast             Erth           42%        2d11      4%          1
b - Passwall              Tmut/Erth      13%        N/A       10%         2
c - Stone Arrow           Conj/Erth      24%        3d8       26%         3

Your spell library contained the following spells:

 Spells                   Type           Power      Damage    Failure   Level
 Petrify                  Tmut/Erth      16%        N/A       52%         4
 Lee's Rapid Deconstruct  Erth           10%        3d9*      77%         5


Dungeon Overview and Level Annotations

Branches:
Dungeon (2/15)

Altars:


Innate Abilities, Weirdness & Mutations

You cannot wear most types of armour.
You are amphibious.
You can wear up to eight rings at the same time.
Your skin changes colour to match your surroundings (Stealth+).
Your rubbery body absorbs attacks. (AC +1, EV +1)
((You are camouflaged near water. (Stealth+)))
You have tentacles for arms and can constrict up to eight enemies at once.


Message History

The poisoned dart barely misses the adder.
You closely miss the adder. Your grab misses the adder.
The adder closely misses you.
You miss the adder. You grab the adder. You constrict the adder.
The adder closely misses you.
You hit the adder but do no damage. You squeeze the adder.
The adder is moderately wounded.
You constrict the adder. The adder bites you. x2
You hit the adder but do no damage.
The adder is heavily wounded.
You constrict the adder. The adder closely misses you.
You hit the adder but do no damage.
The adder is heavily wounded.
You constrict the adder. The adder bites you.
You are poisoned.
The adder poisons you!
You hit the adder but do no damage.
The adder is severely wounded.
You constrict the adder.
You feel sick. The adder barely misses you. The adder bites you.
You are lethally poisoned!
The adder poisons you!
You hit the adder.
You kill the adder!
You feel very sick.
There is a lethal amount of poison in your body!
There is a lethal amount of poison in your body!
It was a potion of attraction.
You feel attractive to monsters.
* * * LOW HITPOINT WARNING * * *
You feel sick.
It was a potion of brilliance.
You feel clever all of a sudden.
* * * LOW HITPOINT WARNING * * *
You feel sick.
* * * LOW HITPOINT WARNING * * *
You feel sick.
* * * LOW HITPOINT WARNING * * *
You feel sick.
You die...

#.....##.
#.....##. # ##
#.....##. #...
#.....### .#.
######.....###
..
#.............
#.
####.########.
#.######.....#
#.
#(@..........#
#.
#..#####.#####
## #..# ### #
#..# # ...#
....# ..####
...


There were no monsters in sight!

Vanquished Creatures
  3 adders (D:2)
  An adder skeleton (D:2)
  3 endoplasms
  2 giant cockroaches (D:1)
  A hobgoblin (D:1)
  3 jackals (D:2)
  2 quokkas (D:1)
  2 ball pythons
  A goblin (D:2)
  3 rats
21 creatures vanquished.

Notes
Turn   | Place    | Note
-------+----------+-------------------------------------------
     0 | D:1      | voltaire321 the Octopode Earth Elementalist began the quest
                  | for the Orb.
     0 | D:1      | Reached XP level 1. HP: 11/11 MP: 3/3
   584 | D:1      | Reached XP level 2. HP: 16/17 MP: 5/5
   591 | D:1      | Learned a level 2 spell: Passwall
  1284 | D:2      | Reached XP level 3. HP: 16/22 MP: 2/6
  1384 | D:2      | Learned a level 3 spell: Stone Arrow
  1408 | D:2      | Reached skill level 1 in Fighting
  1817 | D:2      | HP: 1/23 [poisoned by an adder]
  1818 | D:2      | Succumbed to an adder's poison

Illustrated notes

Levels and vault maps discovered:
D:1:      dpeg_arrival_lava_temple_mockup, layout_basic
D:2:      layout_basic, uniq_natasha

Skill      XL: |  1  2  3 |
---------------+----------+-----
Stealth        | 3 |  3.3
Fighting       | 1 |  1.0
Dodging        | |  2.3
Spellcasting   | |  2.3
Transmutations | |  1.6
Earth Magic    | |  3.3

Action                   || total
-------------------------++-------
Melee: Unarmed           ||    20
       Constrict         ||     9
       Tentacles         ||     6
       Dagger            ||    12
Throw: Dart              ||    23
 Cast: Sandblast         ||    18
  Use: Potion            ||     2
Dodge: Dodged            ||    25

Table legend: (Time is in decaauts)
 A = Elapsed time spent in this place.
 B = Non-inter-level travel time spent in this place.
 C = Inter-level travel time spent in this place.
 D = Time resting spent in this place.
 E = Time spent auto-exploring this place.
 F = Levels seen in this place.
 G = Mean time per level.
                   A        B        C        D        E       F      G
               +--------+--------+--------+--------+--------+-----+--------+
         Total |   1817 |   1817 |      0 |    675 |    772 |   2 |  908.5 |
       Dungeon |   1817 |   1817 |      0 |    675 |    772 |   2 |  908.5 |
               +--------+--------+--------+--------+--------+-----+--------+

Top non-repeatable levels by time:
     D:1: 1051 daAuts
     D:2: 766 daAuts
